 Dungeon Crawl Stone Soup version 0.26-a0-812-g31a745ddcd (webtiles) character file.

Game seed: 8763102790950471789

44095 raph the Geomancer (level 14, -3/79 HPs)
             Began as a Gargoyle Earth Elementalist on Dec 6, 2020.
             Was a High Priest of Zin.
             Slain by an earth elemental (17 damage)
             ... summoned by a deep elf mage
             ... on level 13 of the Dungeon.
             The game lasted 01:06:19 (26031 turns).

raph the Geomancer (Gargoyle Earth Elementalist)   Turns: 26031, Time: 01:06:20

Health: -3/79      AC: 29    Str: 16    XL:     14   Next: 27%
Magic:  21/25      EV: 15    Int: 23    God:    Zin [*****.]
Gold:   891        SH:  6    Dex: 13    Spells: 3/28 levels left

rFire    . . .     SeeInvis .   V - +3 morningstar "raph's Peril" {flame, rC+}
rCold    + . .     Faith    .   U - +1 buckler
rNeg     + . .     Spirit   .   z - +3 leather armour
rPois    ∞         Reflect  .   n - +2 hat
rElec    +         Harm     .   (no cloak)
rCorr    .         Rampage  .   y - +2 pair of gloves
MR       +....                  w - +2 pair of boots
Stlth    ++........             E - amulet of magic regeneration
HPRegen  0.23/turn              I - +4 ring of protection
MPRegen  0.44/turn              h - ring of wizardry

@: vitalised, about to teleport, flying
A: big wings, negative energy resistance 1, electricity resistance, unbreathing,
petrification resistance, rot immunity, AC +10
a: Stop Flying, Recite, Vitalisation, Imprison, Sanctuary, Donate Gold, Renounce
Religion


You were on level 13 of the Dungeon.
You worshipped Zin.
Zin was extremely pleased with you.
You visited 3 branches of the dungeon, and saw 20 of its levels.
You also visited: Volcano.

You collected 1451 gold pieces.
You spent 345 gold pieces at shops.
You donated 215 gold pieces to Zin.

Inventory:

Hand Weapons
 a - a +5 flail of venom
 b - a +0 whip
 Q - a +0 dire flail
 R - a +0 mace of holy wrath
 V - the +3 morningstar "raph's Peril" (weapon) {flame, rC+}
   (You acquired it on level 11 of the Dungeon)

   It has been specially enchanted to burn those struck by it, causing extra
   injury to most foes and up to half again as much damage against particularly
   susceptible opponents.
   It protects you from cold.
Missiles
 j - 8 javelins
 C - 304 stones (quivered)
Armour
 n - a +2 hat (worn)
 w - a +2 pair of boots (worn)
 y - a +2 pair of gloves (worn)
 z - a +3 leather armour (worn)
 T - a +0 leather armour of cold resistance
 U - a +1 buckler (worn)
Magical Staves
 D - an uncursed staff of poison
Jewellery
 h - a ring of wizardry (right hand)
 p - an uncursed ring of protection from magic
 r - an uncursed ring of ice
 t - an uncursed ring of protection from cold
 u - an uncursed ring of magical power
 E - an amulet of magic regeneration (around neck)
 I - a +4 ring of protection (left hand)
 S - an uncursed ring of stealth
Wands
 i - a wand of iceblast (14)
 o - a wand of acid (7)
 x - a wand of flame (33)
 F - a wand of digging (6)
 K - a wand of paralysis (15)
Scrolls
 d - 3 scrolls of fog
 g - 12 scrolls of remove curse
 k - 4 scrolls of amnesia
 q - 4 scrolls of teleportation
 v - 4 scrolls of magic mapping
 J - 3 scrolls of identify
 L - 2 scrolls of enchant weapon
 X - a scroll of brand weapon
Potions
 e - 7 potions of haste
 f - 3 potions of flight
 l - a potion of degeneration
 m - 4 potions of might
 s - 3 potions of attraction
 A - 3 potions of cancellation
 B - 4 potions of curing
 G - 3 potions of lignification
 H - a potion of invisibility
 M - a potion of magic
 N - 4 potions of berserk rage
 O - a potion of resistance
 P - a potion of mutation
 W - a potion of brilliance {unknown}


   Skills:
 - Level 5.8 Fighting
 * Level 11.2 Maces & Flails
 - Level 5.0 Armour
 - Level 7.1 Dodging
 - Level 4.4 Stealth
 - Level 4.0 Shields
 - Level 7.5 Spellcasting
 - Level 7.7 Conjurations
 - Level 0.7 Transmutations
 - Level 7.6 Fire Magic
 - Level 12.3 Earth Magic
 - Level 9.0 Invocations


You had 3 spell levels left.
You knew the following spells:

 Your Spells              Type           Power        Failure   Level
a - Sandblast             Erth           ######       1%          1
b - Stone Arrow           Conj/Erth      ######       1%          3
c - Passwall              Tmut/Erth      #####...     1%          2
d - Lee's Rapid Deconstr  Erth           ######....   1%          5
e - Petrify               Tmut/Erth      #####...     2%          4
f - Foxfire               Conj/Fire      ####         1%          1
g - Sticky Flame          Conj/Fire      #####...     1%          4
h - Fireball              Conj/Fire      #####.....   4%          5

Your spell library contained the following spells:

 Spells                   Type           Power        Failure   Level
 Conjure Flame            Conj/Fire      #####...     1%          3
 Dazzling Flash           Conj/Hex       ####..       2%          3
 Inner Flame              Hex/Fire       ####....     2%          3
 Corona                   Hex            #......      3%          1
 Ensorcelled Hibernation  Hex/Ice        #.....       5%          2
 Confusing Touch          Hex            #.......     11%         3
 Tukima's Dance           Hex            #.......     11%         3
 Ice Form                 Ice/Tmut       ##......     28%         4
 Metabolic Englaciation   Hex/Ice        #.........   65%         5
 Freezing Cloud           Conj/Ice/Air   ###.......   86%         6
 Ozocubu's Refrigeration  Ice            #.........   99%         6
 Simulacrum               Ice/Necr       #.........   99%         6


Dungeon Overview and Level Annotations

Branches:
Dungeon (13/15)            Temple (0/1) D:4            Lair (5/6) D:10
  Swamp (0/4) Lair:4       Shoals (0/4) Lair:2          Orc (2/2) D:12
Volcano (visited)
  Slime: Lair:5-6       Elf: Orc:2       Vaults: D:13-14

Altars:
Cheibriados
Elyvilon
Kikubaaqudgha
Makhleb
Nemelex Xobeh
Ru
Trog
Uskayaw
Wu Jian
Zin

Shops:
D:10 *   D:12 (   Orc:1 ![=

Portals:
Abyss: D:6

Annotations:
D:6 2 transporters, Flubbersnuff's ghost, novice GrFi
Orc:2 Azrael


Innate Abilities, Weirdness & Mutations

You are resistant to torment.
Your stone body is resilient. (AC +10)
You are immune to poison.
Your large and strong wings let you fly indefinitely.
You resist negative energy. (rN+)
You are resistant to electric shocks. (rElec)
You can survive without breathing.
You are immune to petrification.
You are immune to rotting.


Message History

The earth elemental barely misses you.
The earth elemental hits you but does no damage.
You feel much better.
The earth elemental disappears in a puff of smoke!
The vault guard is lost in a daze.
The deep elf mage mumbles some strange words.
The vault guard is lost in a daze.
Unknown command.
As you read the scroll of teleportation, it crumbles to dust.
You feel strangely unstable.
The vault guard hits you with a +3 great sword!
* * * LOW HITPOINT WARNING * * *
The earth elemental misses you. The earth elemental barely misses you.
Unknown command.
You barely miss the vault guard.
The vault guard is heavily wounded.
The vault guard closely misses you.
The human closely misses the vault guard.
The earth elemental hits you!
You die...

#.## #..# # ###### #..#
.### p§§≈.§ #..# ....#
#§#+#'###.p######....[.
.....p'.#.ppppp@E..#
......'.p..pp##pE..#
......'.....#####..e...
#+#+#p###..## #.....
#..# ..... ##.# ..E. ##
#.## ... .. #..# ### #.
###.##


You could see 3 vault guards, 3 earth elementals, a deep elf mage (dazed) and 7
humans.

Vanquished Creatures
  A vault guard (D:13)
  4 hydras
  2 centaur warriors (D:12)
  2 two-headed ogres (D:12)
  3 death yaks
  An orc high priest (Orc:1)
  2 bog bodies (Lair:4)
  A necromancer (Lair:4)
  An orc knight (Orc:1)
  An orc sorcerer (D:12)
  3 elephants
  2 cyclopes
  An ugly thing (D:11)
  A merfolk siren (Lair:2)
  3 gargoyles
  10 cane toads
  5 orange demons (D:10)
  3 kobold demonologists (D:11)
  A komodo dragon (Lair:1)
  7 rime drakes
  An efreet (Volcano)
  2 red devils (D:10)
  2 hellwings (D:9)
  A hornet (D:11)
  4 blink frogs (Lair:4)
  2 polar bears
  2 wraiths (D:12)
  A basilisk (Lair:5)
  2 wyverns
  28 yaks
  3 fire bats (Lair:2)
  A human (D:13)
  3 fire elementals
  7 vampire mosquitoes (D:12)
  3 wargs
  7 water moccasins
  5 hell hounds
  Duvessa (D:7)
  2 ice beasts
  A black bear (D:9)
  20 orc warriors
  2 sky beasts
  A hornet zombie (D:5)
  7 centaurs
  3 phantoms
  16 wolves
  9 ogres
  6 big kobolds
  Blork the orc (D:5)
  16 bullfrogs
  3 wyvern skeletons
  Dowan (D:7)
  A water moccasin skeleton (D:4)
  3 scorpions
  5 killer bees (D:9)
  12 wights
  4 electric eels
  A howler monkey (D:6)
  4 centaur zombies
  2 jellies
  4 centaur skeletons
  13 orc priests
  6 hounds
  2 bullfrog skeletons
  3 gnoll shamans (D:8)
  26 orc wizards
  Jessica (D:2)
  Terence (D:2)
  7 iguanas
  3 yak simulacra (Lair:4)
  3 worker ants
  2 polar bear simulacra (Lair:4)
  4 wolf simulacra (Lair:4)
  A hound zombie (D:10)
  A hound skeleton (D:7)
  12 gnolls
  2 worker ant zombies
  11 adders
  5 shadow imps
  2 white imps
  An ufetubus (D:9)
  An adder skeleton (D:9)
  2 adder zombies
  4 worms
  A dart slug (D:2)
  4 leopard geckos
  66 orcs
  16 bats
  4 giant cockroaches
  10 goblins
  11 hobgoblins
  7 jackals
  5 quokkas
  A ball python (D:3)
  4 frilled lizards
  15 kobolds
  A leopard gecko zombie (D:5)
  9 rats
  2 river rat simulacra (Lair:4)
522 creatures vanquished.

Vanquished Creatures (collateral kills)
  2 foxfires (Lair:1)
2 creatures vanquished.

Vanquished Creatures (others)
  33 foxfires
  26 fungi
  3 pillars of salt (D:11)
  80 plants
  8 withered plants (D:10)
150 creatures vanquished.

Grand Total: 674 creatures vanquished

Notes
Turn   | Place    | Note
-------+----------+-------------------------------------------
     0 | D:1      | raph the Gargoyle Earth Elementalist began the quest for
                  | the Orb.
     0 | D:1      | Reached XP level 1. HP: 10/10 MP: 3/3
    50 | D:1      | Reached skill level 4 in Earth Magic
   150 | D:1      | Reached XP level 2. HP: 6/15 MP: 0/5
   699 | D:1      | Reached XP level 3. HP: 16/19 MP: 2/6
   708 | D:1      | Reached skill level 5 in Earth Magic
   774 | D:1      | Learned a level 3 spell: Stone Arrow
   777 | D:1      | Learned a level 2 spell: Passwall
  1830 | D:2      | Reached skill level 1 in Conjurations
  1945 | D:2      | Noticed Terence
  1951 | D:2      | Killed Terence
  1951 | D:2      | Reached XP level 4. HP: 24/24 MP: 2/7
  2264 | D:2      | Noticed Jessica
  2267 | D:2      | Killed Jessica
  2305 | D:2      | Reached XP level 5. HP: 28/28 MP: 5/8
  2697 | D:2      | Found a snail-covered altar of Cheibriados.
  2698 | D:2      | Found a bloodstained altar of Trog.
  2703 | D:2      | Found a glowing silver altar of Zin.
  2704 | D:2      | Found an ancient bone altar of Kikubaaqudgha.
  2705 | D:2      | Found a sparkling altar of Nemelex Xobeh.
  2705 | D:2      | Found a sacrificial altar of Ru.
  2705 | D:2      | Found a hide-covered altar of Uskayaw.
  2709 | D:2      | Found a burning altar of Makhleb.
  2710 | D:2      | Found a white marble altar of Elyvilon.
  2720 | D:2      | Became a worshipper of Zin the Law-Giver
  2720 | D:2      | Reached * piety under Zin
  2725 | D:2      | Donated 70 gold pieces to Zin
  2843 | D:3      | Reached skill level 6 in Earth Magic
  3396 | D:3      | Noticed a centaur
  3410 | D:3      | Killed a centaur
  3410 | D:3      | Reached XP level 6. HP: 16/32 MP: 6/9
  3938 | D:3      | Reached skill level 7 in Earth Magic
  4115 | D:4      | Reached ** piety under Zin
  4364 | D:4      | Reached skill level 1 in Invocations
  4364 | D:4      | Reached XP level 7. HP: 22/36 MP: 2/10
  4396 | D:4      | Found a staircase to the Ecumenical Temple.
  5346 | D:5      | Entered Level 5 of the Dungeon
  5347 | D:5      | Noticed Blork the orc
  5351 | D:5      | Killed Blork the orc
  5411 | D:5      | You fall into a shaft and drop 2 floors!
  5447 | D:6      | Found a one-way gate to the infinite horrors of the Abyss.
  5447 | D:6      | Noticed Flubbersnuff's ghost (novice GrFi)
  5449 | D:6      | Noticed a worldbinder
  5450 | D:6      | Identified the +1 trident of Duakkur {distort, +Rage rElec
                  | Stlth+}
  5476 | D:6      | Found a transporter.
  5489 | D:6      | Noticed a hellwing
  5510 | D:6      | Found a transporter.
  5561 | D:6      | Reached XP level 8. HP: 41/41 MP: 12/12
  5567 | D:6      | Reached skill level 8 in Earth Magic
  5603 | D:6      | HP: 1/41 [orc priest/divine providence (10)]
  5996 | D:5      | Learned a level 5 spell: Lee's Rapid Deconstruction
  6410 | D:5      | Reached *** piety under Zin
  7386 | D:6      | Reached skill level 9 in Earth Magic
  7386 | D:6      | Reached XP level 9. HP: 45/45 MP: 3/15
  7580 | D:6      | Learned a level 4 spell: Petrify
  7782 | D:6      | Reached **** piety under Zin
  7968 | D:7      | Found an ornate altar of the Wu Jian Council.
  8066 | D:7      | Reached skill level 1 in Maces & Flails
  8173 | D:7      | Noticed Dowan
  8176 | D:7      | Noticed Duvessa
  8183 | D:7      | Killed Dowan
  8185 | D:7      | Killed Duvessa
  8185 | D:7      | Reached skill level 1 in Fighting
  8185 | D:7      | Reached skill level 5 in Invocations
  8488 | D:7      | Reached ***** piety under Zin
  8623 | D:7      | Learned a level 1 spell: Foxfire
  9263 | D:8      | Reached skill level 5 in Spellcasting
  9788 | D:8      | Reached skill level 1 in Fire Magic
  9796 | D:8      | Reached skill level 1 in Armour
 10061 | D:8      | Reached XP level 10. HP: 37/54 MP: 10/17
 10383 | D:8      | Reached skill level 10 in Earth Magic
 11489 | D:9      | Reached skill level 5 in Dodging
 11700 | D:10     | Entered Level 10 of the Dungeon
 11847 | D:10     | Found a staircase to the Lair.
 11861 | D:10     | Got a faintly glowing arbalest
 11862 | D:10     | Identified the +4 arbalest of Success {vorpal, rElec Str+7
                  | Int-4 Dex-2} (You found it on level 10 of the Dungeon)
 11895 | D:10     | Reached skill level 5 in Maces & Flails
 11977 | D:10     | Reached skill level 11 in Earth Magic
 11977 | D:10     | Reached XP level 11. HP: 57/60 MP: 20/20
 12021 | D:10     | Reached ****** piety under Zin
 12237 | D:10     | Found Ygezxi's Assorted Antiques.
 12245 | D:10     | Bought a scroll of identify for 60 gold pieces
 12988 | Lair:1   | Entered Level 1 of the Lair of Beasts
 13033 | Lair:1   | Noticed an eight-headed hydra
 13257 | D:10     | Bought a scroll of enchant armour for 225 gold pieces
 13290 | D:10     | Killed an eight-headed hydra
 13801 | Lair:1   | Learned a level 4 spell: Sticky Flame
 14010 | Lair:1   | Noticed a five-headed hydra
 14018 | Lair:1   | Killed a five-headed hydra
 14018 | Lair:1   | Reached XP level 12. HP: 58/64 MP: 2/21
 14302 | Lair:1   | Reached skill level 5 in Armour
 14361 | Lair:1   | Noticed a six-headed hydra
 14366 | Lair:1   | Killed a six-headed hydra
 14366 | Lair:1   | Reached skill level 5 in Fire Magic
 14743 | Lair:2   | Noticed an eight-headed hydra
 14748 | Lair:2   | Killed an eight-headed hydra
 14748 | Lair:2   | Reached skill level 5 in Conjurations
 15122 | Lair:2   | Found a dark tunnel.
 15135 | Volcano  | Entered a volcano
 15888 | Lair:2   | Found a staircase to the Shoals.
 17000 | Lair:3   | Learned a level 5 spell: Fireball
 17240 | Lair:3   | Reached XP level 13. HP: 40/72 MP: 11/23
 17796 | Lair:4   | You fall into a shaft and drop 1 floor!
 18438 | Lair:4   | Found a staircase to the Swamp.
 18630 | Lair:4   | Reached skill level 5 in Fighting
 18630 | Lair:4   | Reached skill level 12 in Earth Magic
 20589 | D:11     | Reached skill level 1 in Shields
 20816 | D:11     | Identified a scroll of acquirement
 20816 | D:11     | Acquired the +3 morningstar "raph's Peril" {flame, rC+}
 22182 | D:12     | Found Alleics's Antique Weapon Shoppe.
 22591 | D:12     | Gained mutation: Your large and strong wings let you fly
                  | indefinitely. [Gargoyle growth]
 22591 | D:12     | Reached XP level 14. HP: 79/79 MP: 25/25
 23065 | D:12     | Reached skill level 10 in Maces & Flails
 23224 | D:12     | Found a staircase to the Orcish Mines.
 23752 | Orc:1    | Entered Level 1 of the Orcish Mines
 23752 | Orc:1    | Found Wurobruh's Armour Shoppe.
 23753 | Orc:1    | Found Heligh's Jewellery Emporium.
 24347 | Orc:1    | Paralysed by an orc sorcerer for 5 turns
 24621 | Orc:1    | Found Vablibrosti's Distillery.
 24664 | Orc:1    | Bought a potion of heal wounds for 60 gold pieces
 24763 | Orc:2    | Entered Level 2 of the Orcish Mines
 24764 | Orc:2    | Noticed Azrael
 24773 | Orc:1    | HP: 1/79 [hell hound/blast of flame[Azrael] (20)]
 25631 | Orc:2    | Noticed an orc warlord
 26028 | D:13     | HP: 1/79 [earth elemental[a deep elf mage] (18)]
 26031 | D:13     | Slain by an earth elemental

Illustrated notes

Levels and vault maps discovered:
D:1:      onia_arrival_mini_maze_b, layout_basic, minmay_misc_feat_chi
D:2:      layout_loops_corners, minitemple, minmay_misc_feat_columns,
          uniq_terence, uniq_jessica
D:3:      layout_basic, minmay_misc_feat_five
D:4:      layout_rooms, temple_statues
D:5:      layout_loops_ring, uniq_blork_the_orc
D:6:      layout_loops_ring, gammafunk_ghost_abyssal_escape, minmay_between
D:7:      layout_basic, basic_altar, hangedman_decor_growths, uniq_duvessa
D:8:      kennysheep_seaside_town, layout_rooms
D:9:      layout_loops_ring
D:10:     cheibrodos_grave_circle, layout_rooms, lair_entry_dummy, serial_shops,
          nicolae_shop_overgrown_old_shop, minmay_beelzebubs_servants
D:11:     layout_layer_cave, minmay_misc_feat_roman, grunt_ministairs_10
D:12:     layout_roguey, erik_orc_2, minmay_misc_feat_nine_boxes,
          kennysheep_small_circle
D:13:     layout_layer_cave, ximxim_vaults_locker_room, uniq_jorgrun
Lair:1:   layout_roguey, cheibrodos_lair_caveside_slide, serial_bayou_lagoon_a,
          serial_bayou_crossing, grunt_megastairs_3, lemuel_fruit_tree,
          serial_bayou_shore_b, serial_bayou_shore_b,
          infiniplex_staircase_pool_2
Lair:2:   layout_cave_pods, minmay_shoals_entry_lonely_mermaid,
          nicolae_volcano_entry_batcave, grunt_megastairs_1
Lair:3:   layout_long_grid, chequers_serial_rivers_small_3,
          mumra_transporter_accident
Lair:4:   layout_small_grid, skrybe_swamp_entry_bodies, eino_house_with_fridge,
          lemuel_fruit_fields
Lair:5:   layout_long_grid, serial_bayou_shore_b
Orc:1:    layout_caves, serial_shops, shop, nicolae_shop_crystal, shop, shop,
          shop
Orc:2:    grunt_orc_gardens, layout_diamond_mine, grunt_orc_garden,
          grunt_orc_garden, grunt_orc_garden, grunt_orc_garden,
          lightli_orcish_oven, uniq_urug, uniq_maurice, uniq_donald, uniq_azrael

Skill      XL: |  1  2  3  4  5  6  7  8  9 10 11 12 13 14 |
---------------+-------------------------------------------+-----
Earth Magic    | 4 5 6 7 9 11 12 | 12.3
Conjurations   | 1 2 3 4 6 7 |  7.7
Dodging        | 2 4 5 6 7 |  7.1
Invocations    | 1 2 4 5 6 7 8 9 |  9.0
Spellcasting   | 3 4 5 6 7 |  7.5
Maces & Flails | 3 5 7 8 9 11 | 11.2
Fighting       | 2 3 4 5 |  5.8
Fire Magic     | 1 3 4 6 7 |  7.6
Armour         | 1 3 4 5 |  5.0
Stealth        | 4 |  4.4
Shields        | 3 4 |  4.0
Transmutations | |  0.7

Action                   |  1- 3 |  4- 6 |  7- 9 | 10-12 | 13-15 || total
-------------------------+-------+-------+-------+-------+-------++-------
Melee: Unarmed           |     4 |       |       |       |       ||     4
       Dagger            |    10 |    19 |       |       |       ||    29
       Whip              |    13 |   116 |    96 |       |       ||   225
       Flail             |       |       |    95 |   300 |   117 ||   512
       Morningstar       |       |       |       |       |   324 ||   324
 Cast: Sandblast         |    51 |    35 |    56 |   111 |    66 ||   319
       Stone Arrow       |       |     7 |    67 |    32 |    33 ||   139
       Lee's Rapid Decon |       |       |    13 |    49 |    48 ||   110
       Foxfire           |       |       |     7 |    14 |       ||    21
       Petrify           |       |       |     2 |     1 |     6 ||     9
       Sticky Flame      |       |       |       |     3 |     2 ||     5
       Passwall          |       |       |       |     1 |       ||     1
       Fireball          |       |       |       |       |    20 ||    20
Invok: Recite            |       |     1 |     8 |    11 |    17 ||    37
       Donate Gold       |       |     1 |       |       |       ||     1
       Vitalisation      |       |       |     2 |     7 |     7 ||    16
       Sanctuary         |       |       |       |       |     2 ||     2
 Abil: Fly               |       |       |       |       |     1 ||     1
  Use: Scroll            |     2 |     6 |     6 |    19 |     3 ||    36
       Potion            |       |       |     1 |     2 |     2 ||     5
 Stab: Sleeping          |       |     3 |     3 |     2 |     2 ||    10
       Paralysed         |       |       |       |       |    11 ||    11
       Invisible         |       |       |       |       |     3 ||     3
       Confused          |       |       |       |       |     1 ||     1
Armor: Robe              |    13 |    82 |    98 |       |       ||   193
       Leather armour    |       |       |     6 |   316 |   322 ||   644
Dodge: Dodged            |    29 |   109 |   149 |   409 |   404 ||  1100
Block: Buckler           |       |       |       |       |   135 ||   135

Table legend: (Time is in decaauts)
 A = Elapsed time spent in this place.
 B = Non-inter-level travel time spent in this place.
 C = Inter-level travel time spent in this place.
 D = Time resting spent in this place.
 E = Time spent auto-exploring this place.
 F = Levels seen in this place.
 G = Mean time per level.
                   A        B        C        D        E       F      G
               +--------+--------+--------+--------+--------+-----+--------+
         Total |  26185 |  25310 |    875 |  11086 |   9227 |  21 | 1246.9 |
       Dungeon |  18662 |  18240 |    422 |   8698 |   6081 |  13 | 1435.5 |
          Lair |   6481 |   6040 |    441 |   1912 |   3020 |   5 | 1296.2 |
  Orcish Mines |    769 |    757 |     12 |    426 |     78 |   2 |  384.5 |
       Volcano |    271 |    271 |      0 |     50 |     47 |   1 |  271.0 |
               +--------+--------+--------+--------+--------+-----+--------+

Top non-repeatable levels by time:
    D:12: 3360 daAuts
    D:10: 2142 daAuts
     D:8: 1765 daAuts
  Lair:3: 1705 daAuts
     D:1: 1697 daAuts
  Lair:2: 1631 daAuts
     D:4: 1594 daAuts
  Lair:4: 1521 daAuts
     D:9: 1340 daAuts
     D:3: 1236 daAuts
     D:5: 1229 daAuts
    D:11: 1182 daAuts
     D:2: 1119 daAuts
     D:6: 1094 daAuts
  Lair:1: 1060 daAuts
